 Dungeon Crawl Stone Soup version 0.31.0-12-g77e489cdc1 (webtiles) character file.

Game seed: 13250164216000871147

551 lordive the Ruffian (level 7, 0/50 HPs)
             Began as a Merfolk Shapeshifter on Feb 29, 2024.
             Slain by a hobgoblin (5 damage)
             ... on level 3 of the Dungeon.
             The game lasted 00:05:35 (3172 turns).

lordive the Ruffian (Merfolk Shapeshifter)          Turns: 3172, Time: 00:05:36

Health: 0/50       AC:  2    Str: 14    XL:     7   Next: 29%
Magic:  7/7        EV: 13    Int: 12    God:
Gold:   167        SH:  0    Dex: 13    Spells: 6/6 levels left

rFire   . .          .
                       - Unarmed
rCold   . . .        (no shield)
rNeg    . . .        a - +0 animal skin
rPois   .            (helmet currently unavailable)
rElec   .            (cloak currently unavailable)
rCorr   +            (gloves currently unavailable)
SInv    +            (boots currently unavailable)
Will    .....        E - amulet of magic regeneration
Stlth   +            l - ring of resist corrosion
HPRegen 0.28/turn    u - ring of see invisible
MPRegen 0.50/turn

%: no passive effects
@: beast-form
A: beast (slay +3), (nimble swimmer 2), mertail
a: Begin Untransformation


You were on level 3 of the Dungeon.
You were a hulking beast.
You visited 1 branch of the dungeon, and saw 4 of its levels.
You also visited: Sewer.

You collected 167 gold pieces.

Inventory:

Missiles
 x - a curare-tipped dart (quivered)
 D - 28 poisoned darts
Armour
 a - a +0 animal skin (worn)
Magical Staves
 m - a staff of conjuration
Jewellery
 l - a ring of resist corrosion (left hand)
 u - a ring of see invisible (right hand)
 E - an amulet of magic regeneration (around neck)
Talismans
 c - a beast talisman
 d - a flux talisman
Wands
 q - a wand of digging (6)
Scrolls
 g - 4 scrolls of identify {unknown}
 i - 2 scrolls of vulnerability {unknown}
 k - a scroll of teleportation {unknown}
 n - a scroll of revelation {unknown}
 o - a scroll of immolation {unknown}
 r - a scroll of silence {unknown}
 s - 2 scrolls of enchant weapon {unknown}
 t - a scroll of summoning {unknown}
 y - a scroll of fog {unknown}
 z - a scroll of blinking {unknown}
 B - a scroll of enchant armour {unknown}
Potions
 b - a potion of lignification
 e - a potion of degeneration {unknown}
 f - a potion of resistance {unknown}
 h - 3 potions of mutation {unknown}
 j - a potion of brilliance {unknown}
 p - a potion of curing {unknown}
 v - 2 potions of invisibility {unknown}
 w - 2 potions of might {unknown}
 A - a potion of magic {unknown}
 C - a potion of haste {unknown}


   Skills:
 + Level 2.3 Fighting
 + Level 5.0 Dodging
 + Level 7.1 Unarmed Combat
 + Level 5.3 Shapeshifting


You had 6 spell levels left.
You didn't know any spells.
Your spell library contained the following spells:

 Spells                   Type           Power      Damage    Failure   Level
 Mercury Vapours          Alch/Air       0%         N/A       45%         2
 Sublimation of Blood     Necr           0%         N/A       45%         2
 Mephitic Cloud           Conj/Alch/Air  0%         N/A       69%         3
 Petrify                  Alch/Erth      0%         N/A       97%         4
 Freezing Cloud           Conj/Ice/Air   0%         6-21      100%        5
 Irradiate                Conj/Alch      0%         3d11      100%        5
 Conjure Ball Lightning   Conj/Air       0%         3x3d6     100%        6
 Discord                  Hex            0%         N/A       100%        8
 Disjunction              Tloc           0%         N/A       100%        8


Dungeon Overview and Level Annotations

Branches:
Dungeon (4/15)              Sewer (visited)
 Temple: D:4-7

Altars:

Shops:
D:1 [


Innate Abilities, Weirdness & Mutations

You are a hulking beast.
Your limbs bulge with bestial killing power. (Slay +3)
((You are very nimble when in or above water. (Stealth+, EV+, Speed+++)))
Your lower body shifts to a powerful aquatic tail in water.


Message History

A kobold comes into view. It is wielding a +0 whip.
You shake off some of the fire as you move.
The liquid fire burns you!
* * * LOW HITPOINT WARNING * * *
The hobgoblin attacks as it pursues you!
The hobgoblin hits you but does no damage.
You shake off some of the fire as you move.
The liquid fire burns you!
* * * LOW HITPOINT WARNING * * *
The kobold shouts!
You shake off some of the fire as you move.
The liquid fire burns you!
* * * LOW HITPOINT WARNING * * *
You shake off the liquid fire.
The hobgoblin attacks as it pursues you!
The hobgoblin hits you.
* * * LOW HITPOINT WARNING * * *
The hobgoblin attacks as it pursues you!
The hobgoblin hits you.
* * * LOW HITPOINT WARNING * * *
The hobgoblin attacks as it pursues you!
The hobgoblin closely misses you.
The hobgoblin attacks as it pursues you!
The hobgoblin hits you.
* * * LOW HITPOINT WARNING * * *
Unknown command.
The hobgoblin attacks as it pursues you!
The hobgoblin barely misses you.
You see here a giant cockroach corpse.
There is a stone staircase leading up here.
The hobgoblin closely misses you.
You climb upwards.
There is a stone staircase leading down here.
You hit the hobgoblin.
The hobgoblin is moderately wounded.
The hobgoblin barely misses you.
You hit the hobgoblin but do no damage.
The hobgoblin is moderately wounded.
The hobgoblin hits you.
You die...

### ########.# #.<......#
######## #.######.#
#......# #......#.# #
#.####.########.#.#######
#.# #..hg>..............
#.# ######.########..###
##.## ♣♣.♣ ♣..♣ # #...#
♣♣.♣♣ ♣..♣ ##### #[..#
♣.♣♣ ♣..♣ ....####...##
♣.♣ ♣..♣ ............#
♣.♣ ♣♣.♣♣ ########....#
♣.♣ ♣♣.♣ #<.....# ♣.♣
♣.♣♣


You could see a hobgoblin.

Vanquished Creatures
  A crocodile (Sewer)
  3 kobold brigands (Sewer)
  Jessica (D:2)
  An iguana (D:4)
  14 adders
  2 ufetubi (D:4)
  A dart slug (D:3)
  A ribbon worm (D:4)
  An orc (D:4)
  5 bats
  7 endoplasms
  5 giant cockroaches
  10 hobgoblins
  4 jackals (D:1)
  A quokka (D:2)
  6 ball pythons (Sewer)
  6 frilled lizards
  4 goblins
  14 kobolds
  8 rats
95 creatures vanquished.

Notes
Turn   | Place    | Note
-------+----------+-------------------------------------------
     0 | D:1      | lordive the Merfolk Shapeshifter began the quest for the
                  | Orb.
     0 | D:1      | Reached XP level 1. HP: 15/15 MP: 1/1
   182 | D:1      | Reached XP level 2. HP: 17/21 MP: 2/2
   235 | D:1      | Found Fecuf's Armour Emporium.
   273 | D:1      | Reached skill level 4 in Unarmed Combat
   381 | D:1      | Reached XP level 3. HP: 23/26 MP: 3/3
  1095 | D:2      | Reached XP level 4. HP: 28/32 MP: 4/4
  1175 | D:2      | Noticed Jessica
  1178 | D:2      | Killed Jessica
  1578 | D:3      | Reached XP level 5. HP: 33/37 MP: 5/5
  1581 | D:3      | Reached skill level 5 in Unarmed Combat
  2130 | D:3      | Found a glowing drain.
  2144 | Sewer    | Entered a sewer
  2233 | Sewer    | Noticed a kobold brigand
  2266 | Sewer    | Killed a kobold brigand
  2267 | Sewer    | Reached skill level 6 in Unarmed Combat
  2267 | Sewer    | Reached skill level 5 in Shapeshifting
  2267 | Sewer    | Reached XP level 6. HP: 19/44 MP: 6/6
  2524 | Sewer    | Reached XP level 7. HP: 50/50 MP: 7/7
  2603 | Sewer    | Reached skill level 5 in Dodging
  3003 | D:4      | Reached skill level 7 in Unarmed Combat
  3161 | D:4      | HP: 2/50 [hobgoblin (2)]
  3172 | D:3      | Slain by a hobgoblin

Illustrated notes

Levels and vault maps discovered:
D:1:      lightli_arrival_farm, layout_rooms, serial_shops,
          nicolae_shop_tiny_glass, glass_columns_c
D:2:      layout_basic, hangedman_decor_clover_reticule, grunt_ministairs_11,
          minmay_gold_behind_fungi, uniq_jessica
D:3:      kb_forest_paths, layout_basic, gup_sewer_entry_glass
D:4:      layout_loops_cross

Skill      XL: |  1  2  3  4  5  6  7 |
---------------+----------------------+-----
Unarmed Combat | 4 6 7 |  7.1
Dodging        | 3 4 5 |  5.0
Shapeshifting  | 5 |  5.3
Fighting       | 2 |  2.3

Action                     |  1- 3 |  4- 6 |  7- 9 || total
---------------------------+-------+-------+-------++-------
  Melee: Unarmed           |    99 |   155 |    51 ||   305
         Punch             |     3 |     8 |     3 ||    14
         Tailslap          |       |     5 |       ||     5
   Stab: Sleeping          |       |     2 |       ||     2
 Armour: Animal skin       |    62 |    57 |    34 ||   153
  Dodge: Dodged            |    92 |    91 |    43 ||   226
